 Dungeon Crawl Stone Soup version 0.31-a0-1300-gb6740aa4e6 (webtiles) character file.

Game seed: 12470656295494093715

19006 bmb222 the Fighter (level 13, 0/91 HPs)
             Began as a Djinni Fire Elementalist on Dec 18, 2023.
             Was a Follower of Ashenzari.
             Slain by a blink frog (15 damage)
             ... on level 1 of the Lair of Beasts.
             The game lasted 00:33:13 (18200 turns).

bmb222 the Fighter (Djinni Fire Elementalist)      Turns: 18200, Time: 00:33:14

Health: 0/91       AC: 10    Str:  6    XL:     13   Next: 1%
Gold:   907        EV: 18    Int: 20    God:    Ashenzari [*.....] SH:  5 Dex: 16

rFire   + + .        c - staff of cold
rCold   . . .        (no shield)
rNeg    + . .        J - +2 robe
rPois   ∞            p - +0 helmet
rElec   .            G - +2 ratskin cloak {*Rats rPois rN+ Str-1 Int-1 Dex+1, Self, Cun} (curse)
rCorr   .            f - +1 pair of gloves
SInv    .            (boots unavailable)
Will    +++..        q - amulet of the Sibylline Augurer {Reflect SH+5, Bglg, Dev} (curse)
Stlth   ++           e - ring of willpower
HPRegen 0.35/turn    w - ring of willpower
MPRegen 0.00/turn

%: reflection, infuse magic (-1 HP)
@: flying, very slightly contaminated
A: sickness immunity, fire resistance 2, cold vulnerability 1, float, innate
caster, HP casting, extra vitality 1, frail 1, teleportitis 1
a: Renounce Religion, Curse Item, Shatter the Chains


You were on level 1 of the Lair of Beasts.
You worshipped Ashenzari.
Ashenzari was aware of your devotion.
You visited 3 branches of the dungeon, and saw 14 of its levels.
You also visited: Ossuary and Bailey.

You collected 907 gold pieces.

Inventory:

Hand Weapons
 j - a +0 quarterstaff of electrocution
 y - a +4 vampiric trident
Missiles
 B - a throwing net
Armour
 a - a +0 robe
 f - a +1 pair of gloves (worn)
 p - a +0 helmet (worn)
 r - a +3 leather armour of poison resistance
 u - an orb of mayhem
 A - a +2 robe
 G - the cursed +2 ratskin cloak (worn) {*Rats rPois rN+ Str-1 Int-1 Dex+1, Self, Cun}
   (You found it on level 8 of the Dungeon)

   *Rats:     When the wearer is hurt, rats may emerge from it to assist them.
   Str-1:     It affects your strength (-1).
   Int-1:     It affects your intelligence (-1).
   Dex+1:     It affects your dexterity (+1).
   rPois:     It protects you from poison rN+: It protects you from negative
   energy.
   It has a curse which improves the following skills: Introspection: Fighting
   and Spellcasting.
   Cunning:   Dodging and Stealth.
 J - a +2 robe (worn)
Magical Staves
 c - a staff of cold (weapon)
Jewellery
 e - a ring of willpower (left hand)
 q - the cursed amulet of the Sibylline Augurer (around neck) {Reflect SH+5, Bglg, Dev}
   (You found it on level 3 of the Dungeon)

   [amulet of reflection]

   Reflect:   It reflects blocked missile attacks.
   SH+5:      It affects your SH (+5).
   It has a curse which improves the following skills: Beguiling: Conjurations,
   Hexes and Translocations.
   Devices:   Evocations and Shapeshifting.
 w - a ring of willpower (right hand)
 x - a ring of resist corrosion
Wands
 d - a wand of paralysis (19)
 m - a wand of roots (17)
 o - a wand of flame (40)
 t - a wand of quicksilver (8)
 O - a wand of polymorph (6)
Scrolls
 b - 4 scrolls of poison
 k - 4 scrolls of enchant armour
 s - 2 scrolls of vulnerability
 D - a scroll of blinking
 I - 4 scrolls of teleportation
 K - 3 scrolls of revelation
 L - a scroll of fog
 M - 2 scrolls of enchant weapon
 N - a scroll of identify
Potions
 g - a potion of curing
 h - 2 potions of magic
 i - 2 potions of cancellation
 l - 2 potions of berserk rage
 n - a potion of haste
 v - a potion of resistance
 z - a potion of brilliance
 C - a potion of enlightenment
 E - 2 potions of lignification
 F - 3 potions of might
Miscellaneous
 H - a lightning rod (4/4)


   Skills:
 * Level 12.1(12.9) Fighting
 + Level 1.7 Staves
 * Level 10.4(11.2) Dodging
 - Level 2.1(2.8) Stealth
 + Level 2.3 Shields
 - Level 0.1 Unarmed Combat
 * Level 10.4(11.2) Spellcasting
 * Level 10.4(11.2) Conjurations
 * Level 10.4(11.2) Hexes
 * Level 10.4 Summonings
 * Level 10.4 Necromancy
 * Level 10.4(11.2) Translocations
 * Level 10.4 Transmutations
 * Level 10.4 Fire Magic
 * Level 10.4 Ice Magic
 * Level 10.4 Air Magic
 * Level 10.4 Earth Magic
 * Level 10.4 Poison Magic
 + Level 0.6(1.0) Evocations


You knew the following spells:

 Your Spells              Type           Power      Damage    Failure   Level
a - Foxfire               Conj/Fire      100%       2x1d9     1%          1
b - Scorch                Fire           100%       2d9       1%          2
c - Volatile Blastmotes   Fire/Tloc      100%       2d18      1%          3
d - Inner Flame           Hex/Fire       53%        N/A       1%          3
e - Flame Wave            Conj/Fire      53%        2d13      1%          4
f - Apportation           Tloc           100%       N/A       1%          1
g - Blink                 Tloc           100%       N/A       1%          2
h - Ensorcelled Hibernat  Hex/Ice        100%       N/A       1%          2
i - Swiftness             Air            52%        N/A       1%          3
j - Irradiate             Conj/Tmut      26%        3d20      1%          5
k - Arcjolt               Conj/Air       26%        1d36      1%          5
Your spell library was empty.

Dungeon Overview and Level Annotations

Branches:
Dungeon (12/15)            Temple (1/1) D:4            Lair (1/5) D:10
    Orc (0/2) D:10        Ossuary (visited)          Bailey (visited)

Altars:
Ashenzari
Cheibriados
Dithmenos
Elyvilon
Fedhas
Gozag
Hepliaklqana
Makhleb
Nemelex Xobeh
Okawaru
Qazlal
Ru
Trog
Uskayaw
Wu Jian
Xom
Yredelemnul
Zin
The Shining One

Shops:
D:3 ?   D:10 [(

Annotations:
D:6 3 runed translucent doors, bmb222's ghost, novice TrSh


Innate Abilities, Weirdness & Mutations

You are immune to sickness and miasma.
You are immune to poison.
Your flesh is very heat resistant. (rF++)
You are vulnerable to cold. (rC-)
You float through the air rather than walking.
You learn spells naturally, not from books.
Your magical power is your life essence.
You have superior vitality. (+4 MHP)
You are frail. (-10% HP)
You are occasionally teleported next to monsters.


Message History

The plant twists and deforms.
* * * LOW HITPOINT WARNING * * *
The blink frog blinks!
You have reached level 13!
The power to cast Arcjolt wells up from within.
Spell assigned to 'k'.
Casting: Irradiate (dangerous; 1% risk of failure)
Confirm with . or Enter, or press ? or * to list all spells.
Okay, then.
Casting: Irradiate (dangerous; 1% risk of failure)
Confirm with . or Enter, or press ? or * to list all spells.
Electricity surges outward!
The blink frog is struck by an electric surge!!
The blink frog is almost dead.
The plant is struck by an electric surge!!
The plant is moderately damaged.
* * * LOW HITPOINT WARNING * * *
The blink frog hits you but does no damage.
Casting: Arcjolt (dangerous; 1% risk of failure)
Confirm with . or Enter, or press ? or * to list all spells.
Flames lash the blink frog.
You kill the blink frog!
* * * LOW HITPOINT WARNING * * *
You start resting.
A nearby plant withers and dies.
Casting: Scorch (safe; 1% risk of failure)
Confirm with . or Enter, or press ? or * to list all spells.
You conjure some foxfire!
* * * LOW HITPOINT WARNING * * *
Your foxfire dissipates!
The foxfire hits the blink frog.
The blink frog is lightly wounded.
Things that are here:
a blink frog corpse; a blink frog corpse
Casting: Foxfire (safe; 1% risk of failure)
Confirm with . or Enter, or press ? or * to list all spells.
You conjure some foxfire!
* * * LOW HITPOINT WARNING * * *
The blink frog hits you!
You die...

##.....#.####....
#.....+.#.##....
##.....#.†..'....
#......###.#.....
#.###.## ####....
####..# ##### ###
##+.### #
#####v###.....### #
#†...F@v'.......## #
#.######P.....+..######
.. #......##..##... ...
##......#..###.. ...
##.....###...+.. ..
#.......#####... .
##.....## ##.. ####'##
#.. #.## ###


You could see a blink frog (ally target).

Vanquished Creatures
  A two-headed ogre (D:9)
  A catoblepas (Lair:1)
  An orc knight (Bailey)
  A deep elf pyromancer (Bailey)
  An ugly thing (D:9)
  2 black mambas (Lair:1)
  A cane toad (Lair:1)
  2 gargoyles (D:10)
  Jeremiah (D:6)
  A troll (D:11)
  3 komodo dragons
  Prince Ribbit (D:8)
  4 blink frogs (Lair:1)
  A shadow (D:11)
  A wyvern (D:8)
  A vampire (D:9)
  A wraith (D:11)
  35 yaks
  Grum (D:8)
  4 vampire mosquitoes (D:10)
  An acid dragon (D:10)
  5 water moccasins
  12 orc warriors
  2 sky beasts (D:6)
  2 ice beasts (D:5)
  5 black bears
  2 ogres (D:5)
  4 wolves (D:8)
  3 centaurs
  2 phantoms
  2 gnoll sergeants
  3 bullfrogs
  A necrophage (D:6)
  7 scorpions
  9 wights
  8 killer bees (D:9)
  2 howler monkeys
  8 hounds
  5 orc priests
  2 gnoll boudas
  3 sleepcaps
  2 iguanas
  Ijyb (D:5)
  Natasha (thrice) (D:3)
  17 orc wizards
  A hound skeleton (D:6)
  8 mummies (Ossuary)
  Robin (D:3)
  15 gnolls
  9 adders
  A shadow imp (D:8)
  2 white imps
  55 orcs
  14 ball pythons
  3 endoplasms
  2 giant cockroaches (D:1)
  9 goblins
  13 hobgoblins
  4 jackals (D:4)
  4 quokkas
  3 bats (D:2)
  A frilled lizard (D:1)
  3 gnoll zombies (Ossuary)
  A hobgoblin zombie (Ossuary)
  7 kobolds
  A kobold zombie (Ossuary)
  3 orc zombies (Ossuary)
  A quokka zombie (D:6)
  5 rats
  A rat zombie (D:6)
342 creatures vanquished.

Vanquished Creatures (others)
  282 foxfires
282 creatures vanquished.

Grand Total: 624 creatures vanquished

Notes
Turn   | Place    | Note
-------+----------+-------------------------------------------
     0 | D:1      | bmb222 the Djinni Fire Elementalist began the quest for the
                  | Orb.
     0 | D:1      | bmb222 set off with the following spells memorised:
                  | Foxfire, Scorch, Volatile Blastmotes, Inner Flame, Flame
                  | Wave.
     0 | D:1      | Reached XP level 1. HP: 15/15 MP: 0/0
    85 | D:1      | Reached XP level 2. HP: 20/21 MP: 0/0
   483 | D:1      | Found a faded altar of an unknown god.
   623 | D:1      | Reached XP level 3. HP: 25/25 MP: 0/0
   623 | D:1      | Learned a level 1 spell: Apportation
   893 | D:2      | Reached skill level 1 in Fighting
   897 | D:2      | Reached XP level 4. HP: 8/32 MP: 0/0
  1346 | D:2      | Reached skill level 2 in Fighting
  1409 | D:2      | Reached XP level 5. HP: 36/38 MP: 0/0
  1409 | D:2      | Learned a level 2 spell: Blink
  1877 | D:3      | Noticed Natasha
  1879 | D:3      | Killed Natasha
  1911 | D:3      | Noticed Robin
  1914 | D:3      | Killed Robin
  2306 | D:3      | Noticed Natasha
  2311 | D:3      | Killed Natasha
  2327 | D:3      | Noticed Natasha
  2329 | D:3      | Killed Natasha
  2330 | D:3      | Reached skill level 3 in Fighting
  2330 | D:3      | Reached XP level 6. HP: 40/46 MP: 0/0
  2878 | D:3      | Found The Oracle's Delphic Readings.
  3396 | D:4      | Noticed a black bear
  3401 | D:4      | Killed a black bear
  3402 | D:4      | Reached skill level 4 in Fighting
  3402 | D:4      | Reached XP level 7. HP: 41/52 MP: 0/0
  3402 | D:4      | Learned a level 2 spell: Ensorcelled Hibernation
  3453 | D:4      | Found a staircase to the Ecumenical Temple.
  3547 | Temple   | Entered the Ecumenical Temple
  3574 | D:4      | Found an iron altar of Okawaru.
  3897 | D:4      | Found a snail-covered altar of Cheibriados.
  4320 | D:5      | Entered Level 5 of the Dungeon
  4581 | D:5      | Reached skill level 5 in Spellcasting
  4581 | D:5      | Reached skill level 5 in Conjurations
  4581 | D:5      | Reached skill level 5 in Hexes
  4581 | D:5      | Reached skill level 5 in Summonings
  4581 | D:5      | Reached skill level 5 in Necromancy
  4581 | D:5      | Reached skill level 5 in Translocations
  4581 | D:5      | Reached skill level 5 in Transmutations
  4581 | D:5      | Reached skill level 5 in Fire Magic
  4581 | D:5      | Reached skill level 5 in Ice Magic
  4581 | D:5      | Reached skill level 5 in Air Magic
  4581 | D:5      | Reached skill level 5 in Earth Magic
  4581 | D:5      | Reached skill level 5 in Poison Magic
  4669 | D:5      | You are sucked into a shaft and drop 2 floors!
  4669 | D:7      | Found an opulent altar of Gozag.
  4774 | D:6      | Reached skill level 5 in Fighting
  4774 | D:6      | Reached XP level 8. HP: 47/59 MP: 0/0
  5028 | D:6      | Reached skill level 6 in Fighting
  5095 | D:6      | Found a sand-covered staircase.
  5102 | Ossuary  | Entered an ossuary
  5921 | D:5      | Noticed Ijyb
  5928 | D:5      | Killed Ijyb
  6039 | D:5      | Reached skill level 1 in Staves
  6039 | D:5      | Reached skill level 1 in Shields
  6039 | D:5      | Reached XP level 9. HP: 46/67 MP: 0/0
  6039 | D:5      | Learned a level 3 spell: Swiftness
  6292 | D:5      | Reached skill level 7 in Fighting
  6811 | D:5      | Identified the +0 chain mail of the Planets {rPois Str+2
                  | SInv}
  7141 | D:6      | Noticed Jeremiah
  7146 | D:6      | Killed Jeremiah
  7147 | D:6      | Reached skill level 8 in Fighting
  7254 | D:6      | Noticed bmb222's ghost (novice TrSh)
  7279 | D:6      | Found a runed translucent gate.
  7279 | D:6      | Found a runed translucent gate.
  7279 | D:6      | Found a runed translucent gate.
  7548 | D:6      | Reached XP level 10. HP: 46/76 MP: 0/0
  7665 | D:6      | Found a burning altar of Makhleb.
  8930 | D:7      | Found a sparkling altar of Nemelex Xobeh.
  9196 | D:8      | Noticed a white ugly thing
  9339 | D:8      | Found the +2 ratskin cloak {*Rats rPois rN+ Str-1 Int-1
                  | Dex+1}
  9561 | D:8      | Noticed Prince Ribbit
  9591 | D:8      | Reached skill level 5 in Dodging
  9658 | D:8      | Found a flagged portal.
  9665 | Bailey   | Entered a bailey
  9784 | Bailey   | Reached skill level 9 in Fighting
  9887 | Bailey   | Noticed an orc knight
  9908 | Bailey   | Killed an orc knight
 10216 | Bailey   | Found a large runed translucent door.
 10216 | Bailey   | Found a large runed translucent door.
 10217 | Bailey   | Noticed a deep elf pyromancer
 10311 | Bailey   | Killed a deep elf pyromancer
 10790 | D:8      | Reached XP level 11. HP: 68/84 MP: 0/0
 10790 | D:8      | Learned a level 5 spell: Irradiate
 10790 | D:8      | Killed Prince Ribbit
 10919 | D:8      | Noticed Grum
 10926 | D:8      | Killed Grum
 10933 | D:8      | Identified the +4 pair of boots "Hiago" {-Tele rF++ Str+4}
 11035 | D:8      | Reached skill level 10 in Fighting
 11973 | D:9      | Found a broken altar of Ashenzari.
 13334 | D:9      | Found a hide-covered altar of Uskayaw.
 13342 | D:9      | Became a worshipper of Ashenzari the Shackled
 13394 | D:9      | Noticed a two-headed ogre
 13810 | D:10     | Entered Level 10 of the Dungeon
 14194 | D:10     | Found a staircase to the Orcish Mines.
 14194 | D:10     | Found Plog's Armour Boutique.
 14196 | D:10     | Found Rilesefa's Weapon Boutique.
 14196 | D:10     | Noticed a red ugly thing
 14218 | D:9      | Killed a cyan ugly thing
 15068 | D:10     | Reached XP level 12. HP: 86/93 MP: 0/0
 15073 | D:10     | Reached skill level 11 in Fighting
 15088 | D:10     | Gained mutation: You are occasionally teleported next to
                  | monsters. [mutagenic glow]
 15461 | D:10     | Found a staircase to the Lair.
 15782 | D:10     | Found a hazy altar of Hepliaklqana.
 16904 | D:11     | Reached * piety under Ashenzari
 17174 | D:9      | Killed a two-headed ogre
 17175 | D:9      | Reached skill level 10 in Spellcasting
 17175 | D:9      | Reached skill level 10 in Conjurations
 17175 | D:9      | Reached skill level 10 in Hexes
 17175 | D:9      | Reached skill level 10 in Summonings
 17175 | D:9      | Reached skill level 10 in Necromancy
 17175 | D:9      | Reached skill level 10 in Translocations
 17175 | D:9      | Reached skill level 10 in Transmutations
 17175 | D:9      | Reached skill level 10 in Fire Magic
 17175 | D:9      | Reached skill level 10 in Ice Magic
 17175 | D:9      | Reached skill level 10 in Air Magic
 17175 | D:9      | Reached skill level 10 in Earth Magic
 17175 | D:9      | Reached skill level 10 in Poison Magic
 17439 | Lair:1   | Entered Level 1 of the Lair of Beasts
 17478 | Lair:1   | Noticed a catoblepas
 17482 | Lair:1   | Killed a catoblepas
 17506 | Lair:1   | Reached skill level 10 in Dodging
 17513 | Lair:1   | Gained mutation: You are frail. (-10% HP) [mutagenic glow]
 17760 | Lair:1   | Reached skill level 12 in Fighting
 18194 | Lair:1   | Reached XP level 13. HP: 22/91 MP: 0/0
 18194 | Lair:1   | Learned a level 5 spell: Arcjolt
 18200 | Lair:1   | Slain by a blink frog

Illustrated notes

Levels and vault maps discovered:
D:1:      kennysheep_arrival_seaside, layout_basic, ebering_ecumenical_altar_box
D:2:      layout_basic, minmay_tetromino_t4
D:3:      layout_basic, minmay_misc_feat_plants, nicolae_nh_oracle_at_delphi,
          uniq_robin, uniq_natasha
D:4:      layout_loops_ring, nicolae_overflow_crystal_walls,
          mainiacjoe_overflow_two_lobes, minmay_temple_entry_junction_2
D:5:      minmay_bubble_buster, layout_basic, minmay_splitting_lines, uniq_ijyb
D:6:      layout_loops_ring, makhleb_blood_cavern_becter, enter_ossuary_4,
          gammafunk_ghost_split, uniq_jeremiah
D:7:      layout_basic, mainiacjoe_overflow_concentric_impassable,
          grunt_gozag_statues, hangedman_abyss_or_decor_stabs
D:8:      cheibrodos_elevator_heist, layout_loops_ring, enter_bailey_2,
          kennysheep_big_empty_room, uniq_grum, uniq_prince_ribbit1
D:9:      layout_basic, mainiacjoe_overflow_catwalk_spiral
D:10:     layout_basic, nzn_hepliaklqana_mist_gate,
          grunt_lair_entry_orc_guard_hut, orc_david_3,
          amcnicky_mini_rare_corridor_liquid, minivault_24,
          minmay_stone_trees_large, chequers_serial_rivers_small_3
D:11:     layout_roguey, nicolae_kikubaaqudgha_miasma_corner
D:12:     layout_stronghold, serial_shops, nicolae_shop_stone
Temple:   nicolae_temple_god_jail
Lair:1:   layout_roguey, uniq_erica, uniq_amaemon, uniq_fannar

Skill      XL: |  1  2  3  4  5  6  7  8  9 10 11 12 |
---------------+-------------------------------------+-----
Spellcasting   | 4 5 6 7 8 9 10 | 10.4
Conjurations   | 4 5 6 7 8 9 10 | 10.4
Hexes          | 4 5 6 7 8 9 10 | 10.4
Summonings     | 4 5 6 7 8 9 10 | 10.4
Necromancy     | 4 5 6 7 8 9 10 | 10.4
Translocations | 4 5 6 7 8 9 10 | 10.4
Transmutations | 4 5 6 7 8 9 10 | 10.4
Fire Magic     | 4 5 6 7 8 9 10 | 10.4
Ice Magic      | 4 5 6 7 8 9 10 | 10.4
Air Magic      | 4 5 6 7 8 9 10 | 10.4
Earth Magic    | 4 5 6 7 8 9 10 | 10.4
Poison Magic   | 4 5 6 7 8 9 10 | 10.4
Stealth        | 2 |  2.1
Fighting       | 1 2 3 4 5 6 8 9 10 12 | 12.1
Staves         | 1 |  1.7
Shields        | 1 2 |  2.3
Dodging        | 3 6 8 10 | 10.4
Unarmed Combat | |  0.1
Evocations     | |  0.6

Action                     |  1- 3 |  4- 6 |  7- 9 | 10-12 | 13-15 || total
---------------------------+-------+-------+-------+-------+-------++-------
  Melee: Unarmed           |    38 |       |       |       |       ||    38
         Staff             |       |       |    21 |    47 |       ||    68
   Cast: Foxfire           |    46 |    12 |    41 |    75 |     2 ||   176
         Scorch            |       |    69 |   148 |   323 |     1 ||   541
         Volatile Blastmot |       |       |    16 |    54 |       ||    70
         Blink             |       |       |     1 |     4 |       ||     5
         Ensorcelled Hiber |       |       |     1 |     2 |       ||     3
         Flame Wave        |       |       |     3 |     2 |       ||     5
         Inner Flame       |       |       |     1 |     6 |       ||     7
         Swiftness         |       |       |     1 |     3 |       ||     4
         Irradiate         |       |       |       |    24 |       ||    24
         Arcjolt           |       |       |       |       |     1 ||     1
 Invoke: Curse Item        |       |       |       |     2 |       ||     2
  Evoke: Wand              |       |       |       |     4 |       ||     4
    Use: Scroll            |       |       |     8 |    10 |       ||    18
         Potion            |       |       |     2 |     7 |       ||     9
 Armour: Robe              |    23 |    15 |    53 |   223 |     2 ||   316
  Dodge: Dodged            |    44 |    12 |    40 |   183 |       ||   279
  Block: Other             |       |     1 |    20 |    55 |       ||    76
         Reflection        |       |       |       |     5 |       ||     5

Table legend: (Time is in decaauts)
 A = Elapsed time spent in this place.
 B = Non-inter-level travel time spent in this place.
 C = Inter-level travel time spent in this place.
 D = Time resting spent in this place.
 E = Time spent auto-exploring this place.
 F = Levels seen in this place.
 G = Mean time per level.
                   A        B        C        D        E       F      G
               +--------+--------+--------+--------+--------+-----+--------+
         Total |  18188 |  17186 |   1002 |   5267 |   9383 |  16 | 1136.8 |
       Dungeon |  15850 |  14850 |   1000 |   3976 |   8839 |  12 | 1320.8 |
        Temple |     11 |     11 |      0 |      0 |      0 |   1 |   11.0 |
          Lair |    761 |    761 |      0 |    350 |    296 |   1 |  761.0 |
       Ossuary |    689 |    689 |      0 |    444 |    146 |   1 |  689.0 |
        Bailey |    874 |    874 |      0 |    497 |    102 |   1 |  874.0 |
               +--------+--------+--------+--------+--------+-----+--------+

Top non-repeatable levels by time:
     D:9: 2421 daAuts
     D:8: 2171 daAuts
     D:6: 1983 daAuts
    D:10: 1744 daAuts
     D:3: 1496 daAuts
     D:5: 1454 daAuts
     D:4: 1071 daAuts
     D:2: 1042 daAuts
    D:11: 970 daAuts
  Bailey: 874 daAuts
     D:1: 833 daAuts
  Lair:1: 761 daAuts
 Ossuary: 689 daAuts
     D:7: 648 daAuts
    D:12: 12 daAuts
